 Dungeon Crawl Stone Soup version 0.31-a0-1072-g202bf7ea07 (webtiles) character file.

Game seed: 14116417602373397312

86 Azuregosa the Sneak (level 4, 0/34 HPs)
             Began as an Octopode Delver on Nov 26, 2023.
             Was a Follower of Ashenzari.
             Slain by Pargi (3 damage)
             ... on level 3 of the Dungeon.
             The game lasted 00:08:30 (1581 turns).

Azuregosa the Sneak (Octopode Delver)               Turns: 1581, Time: 00:08:31

Health: 0/34       AC:  1    Str: 11    XL:     4   Next: 50%
Magic:  4/4        EV: 13    Int: 12    God:    Ashenzari [*.....]
Gold:   41         SH:  0    Dex: 15    Spells: 3/3 levels left

rFire   . . .        i - +13 scythe of Curses {drain, curses, Drain, Alch, Self} (curse)
rCold   . . .        (shield currently unavailable)
rNeg    . . .        (helmet restricted)
rPois   .            (no amulet)
rElec   .            (no ring)
rCorr   .            (no ring)
SInv    .            (no ring)
Will    .....        (no ring)
Stlth   ++++         (no ring)
HPRegen 0.25/turn    (no ring)
MPRegen 0.09/turn    (no ring)
                     (no ring)

%: no passive effects
@: no status effects
A: almost no armour, amphibious, 8 rings, camouflage 1, gelatinous body 1,
(nimble swimmer 1), tentacles
a: Renounce Religion, Curse Item, Shatter the Chains


You were on level 3 of the Dungeon.
You worshipped Ashenzari.
Ashenzari was aware of your devotion.
You visited 2 branches of the dungeon, and saw 6 of its levels.

You collected 164 gold pieces.
You spent 123 gold pieces at shops.

Inventory:

Hand Weapons
 a - a +0 hand axe
 i - the cursed +13 scythe of Curses (weapon) {drain, curses, Drain, Alch, Self}
   (You found it on level 3 of the Dungeon)

   Drain:     It drains your maximum health when unequipped.
   It has a curse which improves the following skills: Alchemy: Poison Magic and
   Transmutations.
   Introspection: Fighting and Spellcasting.
Missiles
 j - 21 stones
 l - 5 poisoned darts
Wands
 f - a wand of digging (3)
Scrolls
 b - a scroll of fog
 d - 3 scrolls of fear
 g - 2 scrolls of blinking
 h - a scroll of immolation
 k - a scroll of enchant weapon
 n - 3 scrolls of identify
 o - 2 scrolls of amnesia
 p - a scroll of brand weapon
 s - a scroll of teleportation
 t - a scroll of poison
Potions
 c - a potion of curing
 e - a potion of haste
 m - a potion of lignification
 q - a potion of ambrosia
 r - a potion of attraction
 u - a potion of resistance


   Skills:
 + Level 3.8(4.5) Fighting
 - Level 2.2(2.7) Axes
 + Level 2.3(2.8) Polearms
 - Level 2.2 Dodging
 - Level 7.0 Stealth


You had 3 spell levels left.
You didn't know any spells.
Your spell library was empty.

Dungeon Overview and Level Annotations

Branches:
Dungeon (5/15)             Temple (1/1) D:5

Altars:
Ashenzari
Cheibriados
Dithmenos
Elyvilon
Fedhas
Kikubaaqudgha
Makhleb
Nemelex Xobeh
Okawaru
Qazlal
Ru
Uskayaw
Wu Jian

Shops:
D:2 *

Annotations:
D:3 Pargi
D:5 Sigmund


Innate Abilities, Weirdness & Mutations

You cannot wear most types of armour.
You are amphibious.
You can wear up to eight rings at the same time.
Your skin changes colour to match your surroundings (Stealth+).
Your rubbery body absorbs attacks. (AC +1, EV +1)
((You are camouflaged when in or above water. (Stealth+)))
You have tentacles for arms and can constrict up to eight enemies at once.


Message History

You feel sick.
You are no longer poisoned.
You start resting.
HP restored.
Done exploring.
Done exploring.
What level of the Dungeon? (default 1, ? - help)
There is a stone staircase leading down here.
You climb downwards.
Level annotation: Pargi
There is a stone staircase leading up here.
Reach: i) +13 scythe of Curses {drain, curses, Drain, Alch, Self} (curse)
Press: ? - help, Dir - move target, f - Pargi
Aim: Pargi (asleep, about 2% to evade the cursed +13 scythe of Curses)
You reach to attack!
The helpless Pargi fails to defend himself.
You slice Pargi!!
Pargi looks incredibly listless.
Pargi seems to slow down.
Pargi is severely wounded.
You closely miss Pargi.
Pargi is severely wounded.
Pargi bites you. Pargi barely misses you. Pargi claws you. Pargi bites you!
Pargi closely misses you. Pargi claws you.
You closely miss Pargi.
Pargi is heavily wounded.
Pargi bites you. Pargi claws you. x2
You barely miss Pargi.
Pargi is heavily wounded.
Pargi bites you. Pargi claws you.
* * * LOW HITPOINT WARNING * * *
Pargi claws you.
* * * LOW HITPOINT WARNING * * *
You completely miss Pargi.
Pargi is heavily wounded.
Pargi bites you.
* * * LOW HITPOINT WARNING * * *
Pargi claws you.
* * * LOW HITPOINT WARNING * * *
Pargi claws you but does no damage. Pargi closely misses you. Pargi misses you.
Pargi claws you.
You die...

######
#....#########
##..$.##......#
#.............#
#...T##.......#
#...@# #......#
#....# ##.#####
#....####..#
#........#.#
####.......#
#.......######
#............##
####......#####..###
#.....###.# ##...#


You could see Pargi (slow).

Vanquished Creatures
  4 adders
  2 dart slugs (D:2)
  An orc (D:4)
  2 endoplasms (D:2)
  3 giant cockroaches
  6 goblins
  4 hobgoblins
  4 quokkas
  6 ball pythons
  4 bats (D:2)
  3 frilled lizards (D:1)
  4 kobolds
  A rat (D:3)
44 creatures vanquished.

Notes
Turn   | Place    | Note
-------+----------+-------------------------------------------
     0 | D:5      | Azuregosa the Octopode Delver began the quest for the Orb.
     0 | D:5      | Reached XP level 1. HP: 16/16 MP: 1/1
    29 | D:5      | Found a staircase to the Ecumenical Temple.
    35 | Temple   | Entered the Ecumenical Temple
    43 | Temple   | Became a worshipper of Ashenzari the Shackled
    90 | D:5      | Noticed Sigmund
   189 | D:4      | Noticed a quasit
   189 | D:4      | Noticed a quasit
   190 | D:4      | Noticed a quasit
   216 | D:3      | Reached XP level 2. HP: 12/21 MP: 2/2
   313 | D:3      | Noticed Pargi
   322 | D:3      | Found the +13 scythe of Curses {drain, curses, Drain}
   361 | D:2      | Reached skill level 7 in Stealth
   508 | D:1      | Reached skill level 1 in Polearms
   508 | D:1      | Reached XP level 3. HP: 24/26 MP: 3/3
   596 | D:1      | Reached * piety under Ashenzari
  1150 | D:2      | Found a faded altar of an unknown god.
  1167 | D:2      | Found Buocixod's Assorted Antiques.
  1175 | D:2      | Bought a black potion for 18 gold pieces
  1175 | D:2      | Bought a scroll labelled NUYLY HYUFESEDGH for 21 gold
                  | pieces
  1175 | D:2      | Bought a scroll of fear for 84 gold pieces
  1215 | D:2      | Reached XP level 4. HP: 27/33 MP: 4/4
  1581 | D:3      | Slain by Pargi

Illustrated notes

Levels and vault maps discovered:
D:1:      nicolae_arrival_somewhat_less_tricky_arrival, layout_rooms,
          minmay_unequal
D:2:      cheibrodos_helix_gallery, layout_basic,
          shapermc_ecumenical_altar_mp_ritualfount, serial_shops, shop,
          minmay_misc_feat_doors, serial_park_tiny_pond
D:3:      layout_basic, minitemple, mainiacjoe_overflow_brackets,
          mainiacjoe_overflow_surrounded_room, mainiacjoe_overflow_alcove_2,
          roderic_serpentine_path, uniq_grinder, uniq_pargi
D:4:      cheibrodos_quashed, layout_basic, uniq_blork_the_orc
D:5:      layout_layer_cave, minmay_temple_entry_fiery, uniq_sigmund
Temple:   cyrus_circular_temple

Skill      XL: |  1  2  3 |
---------------+----------+-----
Stealth        | 7 |  7.0
Polearms       | 1 2 |  2.3
Fighting       | |  3.8
Axes           | |  2.2
Dodging        | |  2.2

Action                     |  1- 3 |  4- 6 || total
---------------------------+-------+-------++-------
  Melee: Hand axe          |     5 |       ||     5
         Constrict         |     8 |     1 ||     9
         Tentacles         |     4 |       ||     4
         Scythe            |    37 |    19 ||    56
 Invoke: Curse Item        |     1 |       ||     1
    Use: Scroll            |     1 |       ||     1
   Stab: Sleeping          |    13 |     1 ||    14
 Armour: Skin              |    20 |    21 ||    41
  Dodge: Dodged            |    13 |    17 ||    30

Table legend: (Time is in decaauts)
 A = Elapsed time spent in this place.
 B = Non-inter-level travel time spent in this place.
 C = Inter-level travel time spent in this place.
 D = Time resting spent in this place.
 E = Time spent auto-exploring this place.
 F = Levels seen in this place.
 G = Mean time per level.
                   A        B        C        D        E       F      G
               +--------+--------+--------+--------+--------+-----+--------+
         Total |   1630 |   1598 |     32 |    176 |    822 |   6 |  271.7 |
       Dungeon |   1613 |   1581 |     32 |    176 |    822 |   5 |  322.6 |
        Temple |     16 |     16 |      0 |      0 |      0 |   1 |   16.0 |
               +--------+--------+--------+--------+--------+-----+--------+

Top non-repeatable levels by time:
     D:2: 655 daAuts
     D:1: 580 daAuts
     D:3: 182 daAuts
     D:4: 99 daAuts
     D:5: 95 daAuts
  Temple: 16 daAuts
